 Dungeon Crawl Stone Soup version 0.29-a0-824-gd827844252 (webtiles) character file.

Game seed: 10872729867267139626

426 Mesmaeker13 the Magician (level 7, -15/45 HPs)
             Began as a Djinni Fire Elementalist on July 10, 2022.
             Demolished by an ice beast (21 damage)
             ... on level 5 of the Dungeon.
             The game lasted 00:05:28 (5805 turns).

Mesmaeker13 the Magician (Djinni Fire Elementalist) Turns: 5805, Time: 00:05:28

Health: -15/45     AC:  3    Str: 13    XL:     7   Next: 18%
Gold:   257        EV: 14    Int: 18    God:
                   SH:  0    Dex: 17

rFire   + + .      SeeInvis .   l - +4 spear "Ilowouly" {flame, rElec Dex+3}
rCold   x . .      Faith    .   (no shield)
rNeg    . . .      Spirit   .   a - +0 robe
rPois   ∞          Reflect  .   b - +0 helmet
rElec   +          Harm     .   j - scarf {+Inv}
rCorr   .          Rampage  .   (no gloves)
Will    .....                   (boots unavailable)
Stlth   ++........              (no amulet)
HPRegen 0.15/turn               m - +6 ring of strength
MPRegen 0.00/turn               (no ring)

@: flying, very slightly contaminated
A: sickness immunity, fire resistance 2, cold vulnerability 1, float, innate
caster, HP casting, extra vitality 1
a: Evoke Invisibility


You were on level 5 of the Dungeon.
You visited 1 branch of the dungeon, and saw 5 of its levels.

You collected 257 gold pieces.

Inventory:

Hand Weapons
 l - the +4 spear "Ilowouly" (weapon) {flame, rElec Dex+3}
   (You found it on level 3 of the Dungeon)

   It burns those it strikes, dealing additional fire damage.
   Dex:       It affects your dexterity (+3).
   rElec:     It insulates you from electricity.
 q - a +3 flail of holy wrath
 t - a +0 triple crossbow
Missiles
 f - 2 silver javelins (quivered)
 u - 4 curare-tipped darts
Armour
 a - a +0 robe (worn)
 b - a +0 helmet (worn)
 j - a scarf of invisibility (worn)
Jewellery
 m - a +6 ring of strength (left hand)
Wands
 c - a wand of flame (14)
Scrolls
 d - 2 scrolls of enchant weapon
 h - 3 scrolls of vulnerability
 i - a scroll of blinking
 n - a scroll of magic mapping
 o - a scroll of torment
 r - a scroll of brand weapon {unknown}
Potions
 e - a potion of resistance
 g - a potion of mutation
 k - 3 potions of attraction
 p - a potion of flight {unknown}
 s - a potion of magic {unknown}


   Skills:
 + Level 4.8 Dodging
 - Level 1.5 Stealth
 * Level 5.0 Spellcasting


You couldn't memorise any spells.
You knew the following spells:

 Your Spells              Type           Power      Damage    Failure   Level
a - Foxfire               Conj/Fire      88%        2x1d8     1%          1
b - Scorch                Fire           44%        2d7       2%          2
c - Conjure Flame         Conj/Fire      22%        6-21      4%          3
d - Inner Flame           Hex/Fire       22%        N/A       4%          3
e - Flame Wave            Conj/Fire      22%        2d7       17%         4
f - Magic Dart            Conj           88%        1d7       1%          1
g - Passwall              Tmut/Erth      18%        N/A       2%          2
h - Static Discharge      Conj/Air       22%        3-6/arc   2%          2
Your spell library was empty.

Dungeon Overview and Level Annotations

Branches:
Dungeon (5/15)
 Temple: D:4-7

Altars:
Ru

Annotations:
D:3 1 exclusion, Sigmund


Innate Abilities, Weirdness & Mutations

You are immune to sickness and miasma.
You are immune to poison.
Your flesh is very heat resistant. (rF++)
You are vulnerable to cold. (rC-)
You float through the air rather than walking.
You learn spells naturally, not from books.
Your magical power is your life essence.
You have superior vitality. (+4 MHP)


Message History

Okay, then.
Found 7 stones.
An ice beast comes into view.
Casting: Foxfire (safe; 1% risk of failure)
Confirm with . or Enter, or press ? or * to list all spells.
You conjure some foxfire!
The foxfire hits the ice beast.
The ice beast is lightly wounded.
The foxfire hits the ice beast.
The ice beast melts!
The ice beast is lightly wounded.
Casting: Foxfire (safe; 1% risk of failure)
Confirm with . or Enter, or press ? or * to list all spells.
Flames lash the ice beast.
The ice beast melts!
The ice beast is moderately wounded.
The ice beast's fire resistance burns away.
Casting: Scorch (safe; 2% risk of failure)
Confirm with . or Enter, or press ? or * to list all spells.
You miscast Foxfire.
You are very lightly contaminated with residual magic.
Nothing appears to happen.
The ice beast closely misses you.
Unknown command.
Casting: Foxfire (safe; 1% risk of failure)
Confirm with . or Enter, or press ? or * to list all spells.
You conjure some foxfire!
The ice beast hits you. The ice beast freezes you!!
You feel a terrible chill!
The foxfire hits the ice beast.
The ice beast is moderately wounded.
The foxfire hits the ice beast.
The ice beast melts!
The ice beast is heavily wounded.
The ice beast hits you. The ice beast freezes you!
You feel a terrible chill!
* * * LOW HITPOINT WARNING * * *
Casting: Foxfire (safe; 1% risk of failure)
Confirm with . or Enter, or press ? or * to list all spells.
You conjure some foxfire!
* * * LOW HITPOINT WARNING * * *
The ice beast is no longer more vulnerable to fire.
The ice beast hits you.
* * * LOW HITPOINT WARNING * * *
The ice beast freezes you!!
You feel a terrible chill!
You die...

#+# ##..
......... ...#
........####..###
.............>..#
........#.....#.#
........#..<..#.#
........#.#...#.#
......v.#.##..#.#
......Y@#.....#.#
#####+#v#......(#
#.#.###.###
#.#.#.....#
#.#.#.#...#
#.#.#.#####..
#............
###.#.######.
#.#.#


You could see an ice beast (ally target).

Vanquished Creatures
  Edmund (D:4)
  A necrophage (D:4)
  A howler monkey (D:4)
  A hound (D:4)
  A jelly (D:4)
  An iguana (D:4)
  Robin (D:3)
  An adder (D:2)
  A worm (D:4)
  2 dart slugs
  9 orcs
  5 ball pythons
  2 bats
  5 endoplasms
  2 giant cockroaches (D:1)
  16 goblins
  10 hobgoblins
  12 jackals
  5 kobolds
  3 quokkas
  4 frilled lizards
  2 rats (D:1)
86 creatures vanquished.

Vanquished Creatures (collateral kills)
  2 foxfires (D:2)
2 creatures vanquished.

Vanquished Creatures (others)
  189 foxfires
  2 fungi (D:2)
  10 plants (D:2)
201 creatures vanquished.

Grand Total: 289 creatures vanquished

Notes
Turn   | Place    | Note
-------+----------+-------------------------------------------
     0 | D:1      | Mesmaeker13 the Djinni Fire Elementalist began the quest
                  | for the Orb.
     0 | D:1      | Mesmaeker13 set off with the following spells memorised:
                  | Foxfire, Scorch, Conjure Flame, Inner Flame, Flame Wave.
     0 | D:1      | Reached XP level 1. HP: 15/15 MP: 0/0
   694 | D:1      | Reached XP level 2. HP: 20/21 MP: 0/0
  1154 | D:1      | Reached XP level 3. HP: 18/25 MP: 0/0
  1154 | D:1      | Learned a level 1 spell: Magic Dart
  1334 | D:1      | Reached skill level 3 in Spellcasting
  2228 | D:2      | Reached XP level 4. HP: 23/31 MP: 0/0
  2309 | D:2      | Found a faded altar of an unknown god.
  2417 | D:2      | Identified the +7 dagger "Qavank" {vorpal, Str+7 Int+8
                  | Dex-2}
  3271 | D:3      | Identified the +4 spear "Ilowouly" {flame, rElec Dex+3}
  3393 | D:3      | Noticed Robin
  3426 | D:3      | Killed Robin
  3761 | D:3      | Reached XP level 5. HP: 28/35 MP: 0/0
  3761 | D:3      | Learned a level 2 spell: Passwall
  4211 | D:3      | Noticed Sigmund
  4304 | D:4      | Identified the +0 leather armour of the Swamp {Harm Str+3
                  | Dex-4}
  4345 | D:4      | Noticed Edmund
  4362 | D:4      | Killed Edmund
  4363 | D:4      | Reached skill level 4 in Spellcasting
  4363 | D:4      | Reached XP level 6. HP: 19/40 MP: 0/0
  5028 | D:4      | Found a sacrificial altar of Ru.
  5396 | D:4      | Reached XP level 7. HP: 34/45 MP: 0/0
  5396 | D:4      | Learned a level 2 spell: Static Discharge
  5505 | D:4      | Reached skill level 5 in Spellcasting
  5779 | D:5      | Entered Level 5 of the Dungeon
  5805 | D:5      | Demolished by an ice beast

Illustrated notes

Levels and vault maps discovered:
D:1:      dpeg_arrival_morbid_curiosity, layout_loops_corners
D:2:      layout_basic, shapermc_ecumenical_altar_mp_ritualfount
D:3:      layout_loops_ring, kennysheep_nondescript, uniq_robin, uniq_sigmund
D:4:      layout_gridville, mainiacjoe_overflow_24_doors, minmay_unequal,
          uniq_edmund
D:5:      layout_basic, minmay_misc_feat_iff

Skill      XL: |  1  2  3  4  5  6  7 |
---------------+----------------------+-----
Spellcasting   | 3 4 5 |  5.0
Dodging        | 3 4 |  4.8
Stealth        | |  1.5

Action                   |  1- 3 |  4- 6 |  7- 9 || total
-------------------------+-------+-------+-------++-------
Melee: Mace              |     2 |       |       ||     2
       Spear             |       |     2 |       ||     2
Throw: Javelin           |       |     2 |       ||     2
 Cast: Foxfire           |    48 |    61 |     8 ||   117
       Scorch            |     9 |    24 |     1 ||    34
  Use: Scroll            |     3 |     6 |       ||     9
Armor: Robe              |    10 |     5 |       ||    15
Dodge: Dodged            |    19 |    38 |     2 ||    59

Table legend: (Time is in decaauts)
 A = Elapsed time spent in this place.
 B = Non-inter-level travel time spent in this place.
 C = Inter-level travel time spent in this place.
 D = Time resting spent in this place.
 E = Time spent auto-exploring this place.
 F = Levels seen in this place.
 G = Mean time per level.
                   A        B        C        D        E       F      G
               +--------+--------+--------+--------+--------+-----+--------+
         Total |   5805 |   5641 |    164 |    892 |   4082 |   5 | 1161.0 |
       Dungeon |   5805 |   5641 |    164 |    892 |   4082 |   5 | 1161.0 |
               +--------+--------+--------+--------+--------+-----+--------+

Top non-repeatable levels by time:
     D:1: 2171 daAuts
     D:4: 1520 daAuts
     D:2: 1408 daAuts
     D:3: 679 daAuts
     D:5: 25 daAuts
